[ AOE2 MATCH · #479680906 ]
Team RMGoths vs Goths
[ REPLAY ANALYSIS · EXTRACTED FROM THE RECORDED GAME ]
Feudal
12:10
Castle
16:37
Imperial
32:38
| APM avg | 19.8 |
| APM peak | 44 |
| eAPM avg | 12.1 |
| Villagers / military | 122 / 122 |
Focus
⚔️ 22.3% · 🌾 77.7%
Spearman ×68 · Huskarl ×41 · Trade Cart ×16 · Bombard Cannon ×9 · Mangonel ×2 · Trebuchet (Packed) ×2
Feudal
15:54
Castle
20:20
Imperial
31:17
| APM avg | 20.9 |
| APM peak | 86 |
| eAPM avg | 15.3 |
| Villagers / military | 112 / 104 |
Focus
⚔️ 27.9% · 🌾 72.1%
Knight ×83 · Trebuchet (Packed) ×6 · Archer ×5 · Militia ×5 · Scout Cavalry ×5 · Trade Cart ×3
Feudal
11:44
Castle
19:14
Imperial
32:52
| APM avg | 17.8 |
| APM peak | 38 |
| eAPM avg | 14.4 |
| Villagers / military | 127 / 136 |
Focus
⚔️ 22.1% · 🌾 77.9%
Organ Gun ×115 · Bombard Cannon ×21
Feudal
10:08
Castle
17:01
Imperial
29:07
| APM avg | 24.6 |
| APM peak | 61 |
| eAPM avg | 17.2 |
| Villagers / military | 149 / 126 |
Focus
⚔️ 18.0% · 🌾 82.0%
Militia ×70 · Huskarl ×22 · Trade Cart ×13 · Bombard Cannon ×10 · Mangonel ×8 · Spearman ×8
Match map
Initial resources + every placement click. Lines = walls · curves = elevation contours. ◆ gold · ⬟ stone · ● berries · ✦ relic · ◌ wall gap
Your base· ✓ Closed at 16:37 · 0t walls · no gate
luisignaciogh's base· Open — opponent sealed themselves in
chrske's base· ✓ Closed at 19:14 · 25t walls · 1 gate(s)
MilanVincent's base· Open — opponent sealed themselves in
Smoothed initial terrain · ◌ = detected wall gap · hover for details
Inputs per minute
— swiftarcher2 - - luisignaciogh
Build order — swiftarcher2
First 150 of 292 actions detected
| 0:01 | Create | Villager (Male) |
| 0:01 | Create | Villager (Male) |
| 0:01 | Create | Villager (Male) |
| 0:02 | Create | Villager (Male) |
| 0:04 | Build | House |
| 0:05 | Build | House |
| 1:24 | Build | Lumber Camp |
| 1:30 | Create | Villager (Male) |
| 2:09 | Create | Villager (Male) |
| 2:35 | Create | Villager (Male) |
| 2:57 | Build | House |
| 3:12 | Create | Villager (Male) |
| 3:31 | Create | Villager (Male) |
| 3:52 | Build | House |
| 3:53 | Create | Villager (Male) |
| 3:53 | Create | Villager (Male) |
| 4:45 | Build | Mining Camp |
| 4:57 | Create | Villager (Male) |
| 4:57 | Create | Villager (Male) |
| 5:18 | Create | Villager (Male) |
| 5:18 | Create | Villager (Male) |
| 5:57 | Create | Villager (Male) |
| 5:57 | Create | Villager (Male) |
| 6:38 | Build | Mill |
| 6:59 | Create | Villager (Male) |
| 7:00 | Create | Villager (Male) |
| 7:00 | Create | Villager (Male) |
| 7:27 | Create | Villager (Male) |
| 7:28 | Create | Villager (Male) |
| 8:29 | Create | Villager (Male) |
| 8:41 | Build | House |
| 9:35 | Create | Villager (Male) |
| 9:39 | Research | Feudal Age |
| 11:27 | Build | Farm |
| 11:32 | Build | Farm |
| 11:38 | Build | Farm |
| 11:42 | Build | Farm |
| 11:45 | Build | Farm |
| 12:10 | Age | Feudal Age |
| 12:14 | Build | Market |
| 12:17 | Create | Villager (Male) |
| 12:48 | Create | Villager (Male) |
| 13:29 | Build | Blacksmith |
| 13:32 | Create | Villager (Male) |
| 13:54 | Research | Castle Age |
| 14:02 | Build | Mining Camp |
| 14:44 | Build | House |
| 15:12 | Research | Double-Bit Axe |
| 15:31 | Build | Lumber Camp |
| 15:43 | Research | Wheelbarrow |
| 15:44 | Research | Loom |
| 16:06 | Research | Scale Mail Armor |
| 16:06 | Research | Forging |
| 16:12 | Create | Trade Cart |
| 16:37 | Age | Castle Age |
| 17:07 | Build | Town Center |
| 17:17 | Create | Villager (Male) |
| 17:36 | Create | Trade Cart |
| 17:49 | Create | Villager (Male) |
| 18:01 | Build | Farm |
| 18:01 | Build | Farm |
| 18:04 | Build | Farm |
| 18:21 | Build | Farm |
| 18:36 | Create | Villager (Male) |
| 18:37 | Create | Villager (Male) |
| 18:38 | Create | Villager (Male) |
| 18:43 | Build | Farm |
| 19:02 | Create | Villager (Male) |
| 19:03 | Create | Villager (Male) |
| 19:06 | Build | Farm |
| 19:15 | Create | Villager (Male) |
| 19:18 | Build | Farm |
| 19:37 | Build | Farm |
| 19:38 | Create | Villager (Male) |
| 19:39 | Create | Villager (Male) |
| 19:42 | Build | Farm |
| 19:53 | Build | House |
| 20:03 | Create | Villager (Male) |
| 20:08 | Build | Farm |
| 20:18 | Create | Villager (Male) |
| 20:18 | Create | Villager (Male) |
| 20:19 | Create | Villager (Male) |
| 20:36 | Build | Farm |
| 20:41 | Create | Villager (Male) |
| 20:42 | Create | Villager (Male) |
| 20:42 | Create | Villager (Male) |
| 21:08 | Create | Villager (Male) |
| 21:09 | Create | Villager (Male) |
| 21:09 | Create | Villager (Male) |
| 21:12 | Build | House |
| 21:22 | Build | Farm |
| 21:31 | Create | Villager (Male) |
| 21:31 | Create | Villager (Male) |
| 21:32 | Create | Villager (Male) |
| 21:33 | Create | Villager (Male) |
| 21:45 | Build | Barracks |
| 21:47 | Create | Villager (Male) |
| 21:48 | Create | Villager (Male) |
| 22:06 | Research | Bow Saw |
| 22:13 | Build | Farm |
| 22:16 | Create | Villager (Male) |
| 22:17 | Create | Villager (Male) |
| 22:54 | Build | House |
| 22:57 | Build | Farm |
| 22:58 | Create | Villager (Male) |
| 22:59 | Create | Villager (Male) |
| 22:59 | Create | Villager (Male) |
| 23:00 | Create | Villager (Male) |
| 23:04 | Build | Town Center |
| 23:28 | Build | Siege Workshop |
| 23:29 | Create | Villager (Male) |
| 23:30 | Create | Villager (Male) |
| 23:30 | Create | Villager (Male) |
| 23:38 | Create | Trade Cart |
| 23:53 | Build | House |
| 24:12 | Create | Mangonel |
| 24:14 | Create | Villager (Male) |
| 24:14 | Create | Villager (Male) |
| 24:15 | Create | Villager (Male) |
| 24:18 | Build | House |
| 24:19 | Build | House |
| 24:21 | Create | Villager (Male) |
| 24:21 | Create | Villager (Male) |
| 24:21 | Create | Villager (Male) |
| 24:25 | Build | Farm |
| 24:34 | Research | Horse Collar |
| 25:09 | Create | Mangonel |
| 25:10 | Create | Villager (Male) |
| 25:11 | Create | Villager (Male) |
| 25:11 | Create | Villager (Male) |
| 25:12 | Create | Villager (Male) |
| 25:12 | Create | Villager (Male) |
| 25:29 | Build | Barracks |
| 25:38 | Create | Villager (Male) |
| 25:39 | Create | Villager (Male) |
| 25:39 | Create | Villager (Male) |
| 27:25 | Research | Pikeman (upgrade) |
| 27:57 | Create | Villager (Male) |
| 27:58 | Create | Villager (Male) |
| 27:58 | Create | Villager (Male) |
| 27:59 | Create | Villager (Male) |
| 27:59 | Create | Villager (Male) |
| 28:01 | Create | Trade Cart |
| 28:02 | Create | Trade Cart |
| 28:02 | Create | Trade Cart |
| 28:26 | Build | Castle |
| 28:27 | Create | Villager (Male) |
| 28:27 | Create | Villager (Male) |
| 28:27 | Create | Villager (Male) |
| 28:35 | Build | House |
Build order — luisignaciogh
First 150 of 387 actions detected
| 0:03 | Create | Villager (Male) |
| 0:03 | Create | Villager (Male) |
| 0:03 | Create | Villager (Male) |
| 0:03 | Create | Villager (Male) |
| 0:03 | Create | Villager (Male) |
| 0:03 | Create | Villager (Male) |
| 0:05 | Build | House |
| 0:07 | Build | House |
| 0:07 | Build | House |
| 0:56 | Research | Loom |
| 2:25 | Build | Mill |
| 2:26 | Create | Villager (Male) |
| 2:36 | Create | Villager (Male) |
| 2:50 | Create | Villager (Male) |
| 3:22 | Create | Villager (Male) |
| 4:09 | Create | Villager (Male) |
| 4:25 | Create | Villager (Male) |
| 4:42 | Create | Villager (Male) |
| 5:07 | Create | Villager (Male) |
| 5:31 | Create | Villager (Male) |
| 5:55 | Create | Villager (Male) |
| 6:01 | Build | House |
| 6:01 | Build | House |
| 6:08 | Create | Villager (Male) |
| 6:44 | Create | Villager (Male) |
| 6:54 | Build | Lumber Camp |
| 7:00 | Create | Villager (Male) |
| 7:29 | Create | Villager (Male) |
| 8:06 | Create | Villager (Male) |
| 8:34 | Create | Villager (Male) |
| 8:40 | Build | Mining Camp |
| 8:43 | Create | Villager (Male) |
| 9:04 | Create | Villager (Male) |
| 9:29 | Build | Farm |
| 9:31 | Create | Villager (Male) |
| 9:40 | Build | House |
| 9:41 | Build | House |
| 9:47 | Build | Farm |
| 9:50 | Create | Villager (Male) |
| 10:08 | Build | Farm |
| 10:12 | Build | Farm |
| 10:19 | Build | Farm |
| 10:19 | Build | Farm |
| 10:26 | Create | Villager (Male) |
| 10:59 | Create | Villager (Male) |
| 11:07 | Build | Lumber Camp |
| 11:15 | Build | Farm |
| 11:28 | Create | Villager (Male) |
| 11:28 | Create | Villager (Male) |
| 11:49 | Build | Mining Camp |
| 11:58 | Create | Villager (Male) |
| 12:33 | Create | Villager (Male) |
| 12:50 | Create | Villager (Male) |
| 13:08 | Create | Villager (Male) |
| 13:20 | Build | Mill |
| 13:22 | Build | Farm |
| 13:23 | Build | Farm |
| 13:24 | Build | Farm |
| 13:25 | Build | Farm |
| 13:26 | Build | Farm |
| 13:27 | Build | Farm |
| 13:28 | Build | Farm |
| 13:29 | Build | Farm |
| 13:49 | Research | Feudal Age |
| 14:00 | Build | House |
| 15:28 | Build | Barracks |
| 15:54 | Age | Feudal Age |
| 15:58 | Create | Villager (Male) |
| 15:59 | Research | Double-Bit Axe |
| 16:03 | Research | Horse Collar |
| 16:10 | Research | Gold Mining |
| 16:12 | Research | Stone Mining |
| 16:20 | Build | Archery Range |
| 16:22 | Research | Wheelbarrow |
| 17:14 | Build | Stable |
| 17:23 | Create | Villager (Male) |
| 17:55 | Research | Castle Age |
| 17:55 | Research | Castle Age |
| 18:03 | Build | House |
| 18:05 | Build | House |
| 18:09 | Create | Scout Cavalry |
| 18:11 | Create | Archer |
| 18:14 | Create | Militia |
| 18:21 | Create | Archer |
| 18:24 | Create | Militia |
| 18:27 | Create | Archer |
| 18:30 | Create | Militia |
| 18:54 | Create | Scout Cavalry |
| 19:01 | Build | House |
| 19:02 | Build | House |
| 19:04 | Build | House |
| 19:28 | Create | Scout Cavalry |
| 19:33 | Create | Archer |
| 19:33 | Create | Archer |
| 19:43 | Create | Militia |
| 19:44 | Create | Militia |
| 19:57 | Create | Scout Cavalry |
| 19:58 | Create | Scout Cavalry |
| 20:20 | Age | Castle Age |
| 20:24 | Build | Town Center |
| 20:25 | Create | Villager (Male) |
| 20:26 | Create | Villager (Male) |
| 20:30 | Research | Bow Saw |
| 20:40 | Build | Castle |
| 20:48 | Research | Man-at-Arms (upgrade) |
| 20:58 | Build | Farm |
| 21:02 | Create | Villager (Male) |
| 21:15 | Build | Farm |
| 21:29 | Create | Villager (Male) |
| 21:35 | Research | Light Cavalry (upgrade) |
| 21:42 | Create | Villager (Male) |
| 21:50 | Build | Farm |
| 21:51 | Build | Farm |
| 21:53 | Build | Farm |
| 21:57 | Create | Villager (Male) |
| 22:01 | Create | Villager (Male) |
| 22:05 | Create | Villager (Male) |
| 23:00 | Create | Villager (Male) |
| 23:00 | Create | Villager (Male) |
| 23:01 | Create | Villager (Male) |
| 23:01 | Create | Villager (Male) |
| 23:01 | Create | Villager (Male) |
| 23:01 | Create | Villager (Male) |
| 23:02 | Create | Villager (Male) |
| 23:11 | Build | Town Center |
| 23:16 | Research | Heavy Plow |
| 23:18 | Create | Villager (Male) |
| 23:27 | Build | House |
| 23:33 | Research | Crossbowman (upgrade) |
| 23:46 | Build | Farm |
| 23:47 | Build | Farm |
| 23:47 | Build | Farm |
| 24:22 | Create | Villager (Male) |
| 24:23 | Create | Villager (Male) |
| 24:37 | Build | Mining Camp |
| 24:44 | Create | Villager (Male) |
| 24:47 | Create | Villager (Male) |
| 24:48 | Create | Villager (Male) |
| 24:49 | Create | Villager (Male) |
| 24:54 | Build | Farm |
| 25:06 | Create | Villager (Male) |
| 25:14 | Build | Farm |
| 25:17 | Build | Farm |
| 25:26 | Build | Farm |
| 25:28 | Create | Villager (Male) |
| 25:29 | Create | Villager (Male) |
| 25:30 | Create | Villager (Male) |
| 25:44 | Create | Villager (Male) |
| 25:45 | Create | Villager (Male) |
| 25:45 | Create | Villager (Male) |
Build order — chrske
First 150 of 343 actions detected
| 0:01 | Create | Villager (Male) |
| 0:01 | Create | Villager (Male) |
| 0:03 | Build | House |
| 0:13 | Build | House |
| 0:25 | Research | Loom |
| 0:26 | Create | Villager (Male) |
| 0:26 | Create | Villager (Male) |
| 0:26 | Create | Villager (Male) |
| 1:34 | Create | Villager (Male) |
| 1:34 | Create | Villager (Male) |
| 1:53 | Build | House |
| 2:14 | Create | Villager (Male) |
| 2:14 | Create | Villager (Male) |
| 2:41 | Create | Villager (Male) |
| 3:05 | Build | Palisade Wall |
| 3:07 | Create | Villager (Male) |
| 3:07 | Create | Villager (Male) |
| 3:23 | Create | Villager (Male) |
| 3:24 | Create | Villager (Male) |
| 3:33 | Create | Villager (Male) |
| 3:34 | Create | Villager (Male) |
| 4:07 | Create | Villager (Male) |
| 4:08 | Create | Villager (Male) |
| 4:53 | Build | House |
| 4:57 | Build | House |
| 5:00 | Create | Villager (Male) |
| 5:00 | Create | Villager (Male) |
| 5:00 | Create | Villager (Male) |
| 5:01 | Create | Villager (Male) |
| 5:51 | Build | Lumber Camp |
| 6:00 | Create | Villager (Male) |
| 6:07 | Build | House |
| 6:23 | Create | Villager (Male) |
| 6:23 | Create | Villager (Male) |
| 6:24 | Create | Villager (Male) |
| 7:09 | Build | House |
| 7:55 | Create | Villager (Male) |
| 8:03 | Build | House |
| 8:20 | Create | Villager (Male) |
| 8:24 | Build | Mill |
| 8:33 | Create | Villager (Male) |
| 8:40 | Build | House |
| 9:34 | Research | Feudal Age |
| 9:53 | Build | Mining Camp |
| 11:19 | Build | Mining Camp |
| 11:25 | Create | Villager (Male) |
| 11:26 | Create | Villager (Male) |
| 11:44 | Age | Feudal Age |
| 11:45 | Research | Double-Bit Axe |
| 11:49 | Research | Horse Collar |
| 12:10 | Build | Farm |
| 12:13 | Build | Farm |
| 12:16 | Build | Farm |
| 12:24 | Build | Farm |
| 12:30 | Build | Farm |
| 12:31 | Create | Villager (Male) |
| 12:32 | Create | Villager (Male) |
| 12:39 | Build | Farm |
| 12:45 | Build | Farm |
| 13:01 | Build | Farm |
| 13:05 | Build | Farm |
| 13:22 | Build | Farm |
| 13:23 | Create | Villager (Male) |
| 13:34 | Build | Farm |
| 13:44 | Build | Stone Wall |
| 13:48 | Create | Villager (Male) |
| 13:54 | Build | Farm |
| 14:16 | Create | Villager (Male) |
| 14:16 | Create | Villager (Male) |
| 14:16 | Create | Villager (Male) |
| 14:41 | Build | Market |
| 14:53 | Build | Market |
| 14:55 | Create | Villager (Male) |
| 14:56 | Create | Villager (Male) |
| 15:24 | Build | Blacksmith |
| 16:29 | Build | Farm |
| 16:34 | Research | Castle Age |
| 16:38 | Build | Farm |
| 16:42 | Research | Stone Mining |
| 16:53 | Build | Gate |
| 17:00 | Research | Gold Mining |
| 17:11 | Build | Farm |
| 17:22 | Build | Farm |
| 18:00 | Build | Farm |
| 18:19 | Create | Villager (Male) |
| 18:19 | Create | Villager (Male) |
| 19:04 | Create | Villager (Male) |
| 19:14 | Age | Castle Age |
| 19:18 | Build | Town Center |
| 19:34 | Research | Bow Saw |
| 19:53 | Build | Castle |
| 20:08 | Create | Villager (Male) |
| 20:09 | Create | Villager (Male) |
| 20:09 | Create | Villager (Male) |
| 20:09 | Create | Villager (Male) |
| 20:30 | Create | Villager (Male) |
| 20:30 | Create | Villager (Male) |
| 20:30 | Create | Villager (Male) |
| 20:31 | Create | Villager (Male) |
| 20:31 | Create | Villager (Male) |
| 20:42 | Research | Heavy Plow |
| 21:05 | Create | Villager (Male) |
| 21:05 | Create | Villager (Male) |
| 21:05 | Create | Villager (Male) |
| 21:36 | Build | Town Center |
| 21:38 | Create | Villager (Male) |
| 21:38 | Create | Villager (Male) |
| 21:39 | Create | Villager (Male) |
| 21:42 | Build | House |
| 21:43 | Build | House |
| 21:44 | Build | House |
| 21:55 | Create | Villager (Male) |
| 21:55 | Create | Villager (Male) |
| 21:56 | Create | Villager (Male) |
| 22:01 | Build | House |
| 22:01 | Build | House |
| 22:02 | Build | House |
| 22:14 | Research | Stone Shaft Mining |
| 22:33 | Create | Organ Gun |
| 22:33 | Create | Organ Gun |
| 22:47 | Create | Villager (Male) |
| 22:47 | Create | Villager (Male) |
| 22:48 | Create | Villager (Male) |
| 22:48 | Create | Villager (Male) |
| 23:15 | Create | Villager (Male) |
| 23:16 | Create | Villager (Male) |
| 23:16 | Create | Villager (Male) |
| 23:16 | Create | Villager (Male) |
| 23:58 | Create | Organ Gun |
| 23:58 | Create | Organ Gun |
| 24:11 | Create | Villager (Male) |
| 24:11 | Create | Villager (Male) |
| 24:11 | Create | Villager (Male) |
| 24:12 | Create | Villager (Male) |
| 24:21 | Create | Organ Gun |
| 24:22 | Create | Organ Gun |
| 24:29 | Research | Wheelbarrow |
| 24:33 | Build | House |
| 24:33 | Build | House |
| 24:34 | Build | House |
| 24:42 | Build | Castle |
| 24:50 | Create | Organ Gun |
| 24:50 | Create | Organ Gun |
| 25:04 | Build | University |
| 25:12 | Build | Farm |
| 25:14 | Create | Villager (Male) |
| 25:16 | Build | Farm |
| 25:23 | Build | Farm |
| 25:28 | Build | House |
| 25:32 | Build | Farm |
Build order — MilanVincent
First 150 of 392 actions detected
| 0:02 | Create | Villager (Male) |
| 0:03 | Create | Villager (Male) |
| 0:03 | Create | Villager (Male) |
| 0:03 | Create | Villager (Male) |
| 0:03 | Create | Villager (Male) |
| 0:05 | Build | House |
| 0:07 | Build | House |
| 0:24 | Research | Loom |
| 0:25 | Create | Villager (Male) |
| 0:25 | Create | Villager (Male) |
| 0:25 | Create | Villager (Male) |
| 0:25 | Create | Villager (Male) |
| 0:26 | Create | Villager (Male) |
| 1:42 | Create | Villager (Male) |
| 1:42 | Create | Villager (Male) |
| 1:49 | Build | Lumber Camp |
| 2:05 | Create | Villager (Male) |
| 2:05 | Create | Villager (Male) |
| 2:06 | Create | Villager (Male) |
| 2:18 | Build | House |
| 2:20 | Build | House |
| 2:29 | Create | Villager (Male) |
| 2:30 | Create | Villager (Male) |
| 2:46 | Create | Villager (Male) |
| 2:46 | Create | Villager (Male) |
| 2:46 | Create | Villager (Male) |
| 3:01 | Create | Villager (Male) |
| 3:01 | Create | Villager (Male) |
| 3:01 | Create | Villager (Male) |
| 3:31 | Create | Villager (Male) |
| 3:32 | Create | Villager (Male) |
| 3:32 | Create | Villager (Male) |
| 3:52 | Create | Villager (Male) |
| 3:52 | Create | Villager (Male) |
| 4:09 | Build | House |
| 4:11 | Build | House |
| 4:24 | Create | Villager (Male) |
| 4:24 | Create | Villager (Male) |
| 4:25 | Create | Villager (Male) |
| 4:25 | Create | Villager (Male) |
| 5:03 | Create | Villager (Male) |
| 5:03 | Create | Villager (Male) |
| 5:03 | Create | Villager (Male) |
| 5:03 | Create | Villager (Male) |
| 6:02 | Build | Mill |
| 6:08 | Create | Villager (Male) |
| 6:08 | Create | Villager (Male) |
| 7:28 | Create | Villager (Male) |
| 7:39 | Build | Mining Camp |
| 7:55 | Research | Feudal Age |
| 9:21 | Build | Mill |
| 9:25 | Create | Villager (Male) |
| 9:25 | Create | Villager (Male) |
| 10:08 | Age | Feudal Age |
| 10:13 | Research | Double-Bit Axe |
| 10:16 | Create | Villager (Male) |
| 10:16 | Create | Villager (Male) |
| 10:16 | Create | Villager (Male) |
| 11:33 | Build | Barracks |
| 11:51 | Research | Gold Mining |
| 11:55 | Create | Villager (Male) |
| 11:56 | Create | Villager (Male) |
| 12:29 | Build | Blacksmith |
| 12:44 | Create | Villager (Male) |
| 12:46 | Create | Villager (Male) |
| 13:12 | Build | House |
| 13:38 | Build | Stable |
| 13:44 | Create | Villager (Male) |
| 14:06 | Build | House |
| 14:08 | Build | House |
| 14:21 | Research | Castle Age |
| 14:24 | Research | Horse Collar |
| 14:37 | Research | Stone Mining |
| 15:06 | Build | House |
| 15:07 | Build | House |
| 15:09 | Build | House |
| 15:11 | Build | House |
| 15:12 | Build | House |
| 15:53 | Create | Villager (Male) |
| 15:53 | Create | Villager (Male) |
| 17:01 | Age | Castle Age |
| 17:02 | Research | Bow Saw |
| 17:04 | Research | Heavy Plow |
| 17:10 | Build | Monastery |
| 17:23 | Build | Town Center |
| 17:29 | Create | Villager (Male) |
| 17:56 | Build | Town Center |
| 18:07 | Build | House |
| 18:08 | Build | House |
| 18:12 | Create | Monk |
| 18:19 | Create | Monk |
| 18:25 | Create | Villager (Male) |
| 18:25 | Create | Villager (Male) |
| 18:41 | Create | Villager (Male) |
| 18:42 | Create | Villager (Male) |
| 18:50 | Build | Farm |
| 18:51 | Build | Farm |
| 18:54 | Build | Farm |
| 18:56 | Build | Farm |
| 18:57 | Build | Farm |
| 19:07 | Build | Farm |
| 19:08 | Build | Farm |
| 19:10 | Build | Farm |
| 19:11 | Build | Farm |
| 19:22 | Create | Villager (Male) |
| 19:22 | Create | Villager (Male) |
| 19:51 | Build | Farm |
| 19:53 | Build | Farm |
| 19:56 | Build | Farm |
| 19:58 | Build | Farm |
| 20:00 | Build | Farm |
| 20:08 | Create | Villager (Male) |
| 20:17 | Build | Farm |
| 20:18 | Build | Farm |
| 20:20 | Build | Farm |
| 20:23 | Build | Farm |
| 20:24 | Build | Farm |
| 20:26 | Build | Farm |
| 20:35 | Build | Farm |
| 20:37 | Build | Farm |
| 20:41 | Create | Villager (Male) |
| 20:41 | Create | Villager (Male) |
| 21:02 | Build | University |
| 21:20 | Research | Fervor |
| 21:36 | Create | Villager (Male) |
| 21:38 | Create | Villager (Male) |
| 21:38 | Create | Villager (Male) |
| 21:44 | Create | Villager (Male) |
| 21:44 | Create | Villager (Male) |
| 21:44 | Create | Villager (Male) |
| 21:52 | Build | Farm |
| 21:53 | Build | Farm |
| 21:54 | Build | Farm |
| 21:56 | Build | Farm |
| 22:00 | Create | Villager (Male) |
| 22:05 | Create | Villager (Male) |
| 22:11 | Build | Farm |
| 22:11 | Build | Farm |
| 22:13 | Build | Farm |
| 22:15 | Build | Farm |
| 22:16 | Build | Farm |
| 22:17 | Build | Farm |
| 22:18 | Build | Farm |
| 22:27 | Create | Villager (Male) |
| 22:28 | Create | Villager (Male) |
| 22:45 | Build | Farm |
| 22:54 | Build | Farm |
| 22:57 | Build | Farm |
| 22:59 | Build | Farm |
| 23:00 | Build | Farm |
Match timeline
| 3:05 | chrske · wall_segment Palisade Wall x10 |
| 10:08 | MilanVincent · age_up feudal |
| 11:33 | MilanVincent · first_building Barracks |
| 11:44 | chrske · age_up feudal |
| 12:10 | swiftarcher2 · age_up feudal |
| 13:22 | swiftarcher2 · first_market_buy 100 wood |
| 13:25 | swiftarcher2 · first_market_sell 100 food |
| 13:38 | MilanVincent · first_building Stable |
| 13:44 | chrske · wall_segment Stone Wall x15 |
| 15:28 | luisignaciogh · first_building Barracks |
| 15:54 | luisignaciogh · age_up feudal |
| 16:20 | luisignaciogh · first_building Archery Range |
| 16:37 | swiftarcher2 · age_up castle |
| 17:01 | MilanVincent · age_up castle |
| 17:10 | MilanVincent · first_building Monastery |
| 17:14 | luisignaciogh · first_building Stable |
| 18:39 | chrske · first_market_buy 100 stone |
| 19:14 | chrske · age_up castle |
| 19:30 | chrske · first_market_sell 100 food |
| 19:53 | chrske · first_building Castle |
| 20:20 | luisignaciogh · age_up castle |
| 20:40 | luisignaciogh · first_building Castle |
| 21:45 | swiftarcher2 · first_building Barracks |
| 23:28 | swiftarcher2 · first_building Siege Workshop |
| 28:26 | swiftarcher2 · first_building Castle |
| 28:31 | luisignaciogh · first_market_sell 100 food |
| 29:07 | MilanVincent · age_up imperial |
| 29:13 | luisignaciogh · first_market_buy 100 stone |
| 31:01 | MilanVincent · first_building Siege Workshop |
| 31:17 | luisignaciogh · age_up imperial |
| 31:49 | chrske · first_building Siege Workshop |
| 32:18 | MilanVincent · first_building Castle |
| 32:38 | swiftarcher2 · age_up imperial |
| 32:48 | MilanVincent · first_building Archery Range |
| 32:52 | chrske · age_up imperial |
| 33:42 | chrske · wall_segment Stone Wall x7 |
| 34:23 | chrske · wall_segment Stone Wall x12 |
| 34:24 | chrske · wall_segment Stone Wall x12 |
| 35:48 | MilanVincent · first_market_sell 100 food |
| 44:18 | luisignaciogh · first_building Siege Workshop |
| 45:55 | MilanVincent · resign |
| 46:04 | swiftarcher2 · first_building Archery Range |
[ AI ANALYSIS · 1 CREDIT ]
What really happened in this match?
Wolo.gg analyzes every decision: build order, eco, micro, common mistakes by bracket. Personalized analysis on WhatsApp or Discord in 30 seconds.
Civ guide
Goths
Map guide
Amazon Tunnel
Perfil
Jugador #8391813